 Dungeon Crawl Stone Soup version 0.31.0-32-g396128a36d (webtiles) character file.

Game seed: 16631765093515836393

3556 maldita the Cleaver (level 9, -2/85 HPs)
             Began as a Minotaur Fighter on Apr 12, 2024.
             Was a Believer of Zin.
             Slain by an unseen horror simulacrum (10 damage)
             ... on level 9 of the Dungeon.
             The game lasted 00:15:47 (7237 turns).

maldita the Cleaver (Minotaur Fighter)              Turns: 7237, Time: 00:15:48

Health: -2/85      AC: 10    Str: 26    XL:     9   Next: 83%
Magic:  19/19      EV:  8    Int:  5    God:    Zin [**....]
Gold:   157        SH:  4    Dex:  9    Spells: 8/8 levels left

rFire   . . .        a - +0 war axe
rCold   . . .        c - +0 buckler
rNeg    . . .        w - +0 chain mail
rPois   .            (helmet restricted)
rElec   .            n - +0 cloak
rCorr   .            (no gloves)
SInv    .            (no boots)
Will    .....        (no amulet) Stlth
                     i - ring of magical power
HPRegen 0.34/turn    (no ring)
MPRegen 0.16/turn

%: no passive effects
@: about to teleport
A: horns 2, retaliatory headbutt
a: Renounce Religion, Recite, Vitalisation, Donate Gold


You were on level 9 of the Dungeon.
You worshipped Zin.
Zin was pleased with you.
You visited 2 branches of the dungeon, and saw 10 of its levels.

You collected 343 gold pieces.
You spent 64 gold pieces at shops.
You donated 122 gold pieces to Zin.

Inventory:

Hand Weapons
 a - a +0 war axe (weapon)
Missiles
 k - 4 boomerangs (quivered)
Armour
 b - a +0 scale mail
 c - a +0 buckler (worn)
 n - a +0 cloak (worn)
 w - a +0 chain mail (worn)
Jewellery
 i - a ring of magical power (left hand)
Wands
 o - a wand of paralysis (2)
 A - a wand of iceblast (6)
 H - a wand of mindburst (9)
Scrolls
 e - 3 scrolls of teleportation
 f - a scroll of fog {unknown}
 l - a scroll of torment {unknown}
 p - 3 scrolls of identify
 r - a scroll of noise {unknown}
 s - 2 scrolls of butterflies
 t - 2 scrolls of enchant armour
 v - a scroll of immolation {unknown}
 y - a scroll of amnesia {unknown}
 C - a scroll of acquirement {unknown}
 F - 2 scrolls of blinking {unknown}
 G - a scroll of poison {unknown}
 I - a scroll of fear {unknown}
Potions
 d - a potion of might
 g - a potion of haste
 h - 4 potions of invisibility
 j - a potion of heal wounds {unknown}
 m - 2 potions of magic
 q - a potion of degeneration {unknown}
 u - a potion of mutation {unknown}
 x - 2 potions of brilliance
 z - a potion of ambrosia {unknown}
 B - 2 potions of lignification {unknown}
 D - 2 potions of curing
 E - a potion of enlightenment {unknown}


   Skills:
 - Level 10.0 Fighting
 * Level 13.3 Axes
 - Level 4.0 Armour
 - Level 4.0 Shields
 + Level 3.4 Invocations


You had 8 spell levels left.
You didn't know any spells.
Your spell library contained the following spells:

 Spells                   Type           Power      Damage    Failure   Level
 Apportation              Tloc           0%         N/A       97%         1
 Magic Dart               Conj           0%         1d3       97%         1
 Summon Small Mammal      Summ           0%         N/A       97%         1
 Blink                    Tloc           0%         N/A       99%         2
 Call Imp                 Summ           0%         N/A       99%         2
 Cigotuvi's Dreadful Rot  Necr/Alch/Air  0%         N/A       99%         2
 Jinxbite                 Hex            0%         N/A       99%         2
 Lesser Beckoning         Tloc           0%         N/A       99%         2
 Momentum Strike          Conj/Tloc      0%         3d8       99%         2
 Call Canine Familiar     Summ           0%         N/A       100%        3
 Animate Armour           Summ/Erth      0%         N/A       100%        4
 Ignite Poison            Fire/Alch      0%         N/A       100%        4
 Summon Blazeheart Golem  Fire/Summ      0%         N/A       100%        4
 Summon Lightning Spire   Summ/Air       0%         N/A       100%        4
 Alistair's Intoxication  Alch           0%         N/A       100%        5
 Borgnjor's Vile Clutch   Necr/Erth      0%         N/A       100%        5
 Freezing Cloud           Conj/Ice/Air   0%         6-21      100%        5
 Lee's Rapid Deconstruct  Erth           0%         3d4*      100%        5
 Summon Forest            Summ/Tloc      0%         N/A       100%        5
 Eringya's Noxious Bog    Alch           0%         4d6       100%        6
 Summon Hydra             Summ           0%         N/A       100%        7


Dungeon Overview and Level Annotations

Branches:
Dungeon (9/15) Zot: 26982  Temple (1/1) D:6 Zot: 5836    Lair (0/5) D:9
    Orc: D:9-12

Altars:
Ashenzari
Cheibriados
Dithmenos
Elyvilon
Fedhas
Gozag
Hepliaklqana
Kikubaaqudgha
Makhleb
Nemelex Xobeh
Okawaru
Qazlal
Ru
Sif Muna
Trog
Uskayaw
Vehumet
Wu Jian
Xom
Yredelemnul
Zin
The Shining One

Shops:
D:2 *   D:3 ?   D:4 !

Annotations:
D:4 2 transporters


Innate Abilities, Weirdness & Mutations

You have a pair of horns on your head.
You reflexively headbutt those who attack you in melee.


Message History

2 death yaks and a rat come into view.
Found 17 gold pieces.
The death yak bellows!
The rat squeaks loudly.
The rat moves out of view.
A river rat comes into view.
Press: ? - help, v - describe, . - travel
Here: a death yak The floor.
The river rat moves out of view.
An unseen horror simulacrum comes into view.
Press: ? - help, v - describe, . - travel
Here: an unseen horror simulacrum The floor. 2 white imps and a polar bear come into view.
The white imp shouts!
The polar bear growls angrily.
The unseen horror simulacrum hits you!
The unseen horror simulacrum freezes you!!
You block the unseen horror simulacrum's attack.
You slash the unseen horror simulacrum!
You headbutt the unseen horror simulacrum, but do no damage.
The unseen horror simulacrum is heavily damaged.
The unseen horror simulacrum closely misses you.
The unseen horror simulacrum hits you but does no damage.
The white imp gestures at you. The puff of frost hits you.
You hit the unseen horror simulacrum but do no damage.
You headbutt the unseen horror simulacrum.
The unseen horror simulacrum is heavily damaged.
The unseen horror simulacrum hits you.
The unseen horror simulacrum freezes you!
The unseen horror simulacrum hits you!
The unseen horror simulacrum freezes you!
* * * LOW HITPOINT WARNING * * *
As you read the scroll of teleportation, it crumbles to dust.
You feel strangely unstable.
The unseen horror simulacrum hits you but does no damage.
The unseen horror simulacrum hits you.
* * * LOW HITPOINT WARNING * * *
The unseen horror simulacrum freezes you!
You die...

........###
$..?....†.#
..........#
..........##
...........#
......YY...##
.......r...<#
######ZY#####
#.@#
#..h.5....
#.....5...
#....#.#..
#..... ..
#....#. ..
#....... .
#........


You could see 3 death yaks, a polar bear, 2 white imps, an unseen horror
simulacrum and a rat.

Vanquished Creatures
  3 yaks (D:8)
  A steam dragon (D:8)
  2 water moccasins
  3 orc warriors
  2 black bears
  An ice beast (D:7)
  A sky beast (D:8)
  2 ogres
  A phantom (D:5)
  A kobold brigand (D:7)
  5 bullfrogs
  4 scorpions
  9 wights
  3 howler monkeys
  A jelly (D:7)
  A hound (D:6)
  2 bombardier beetles
  4 orc priests
  3 iguanas
  6 orc wizards
  A sleepcap (D:5)
  3 gnolls (D:4)
  5 adders
  A shadow imp (D:8)
  4 ufetubi (D:6)
  A ribbon worm (D:4)
  2 dart slugs (D:3)
  24 orcs
  4 endoplasms
  2 giant cockroaches
  5 goblins
  10 hobgoblins
  11 kobolds
  3 quokkas
  4 bats
  2 frilled lizards
  4 rats
141 creatures vanquished.

Notes
Turn   | Place    | Note
-------+----------+-------------------------------------------
     0 | D:1      | maldita the Minotaur Fighter began the quest for the Orb.
     0 | D:1      | Reached XP level 1. HP: 19/19 MP: 0/0
   252 | D:1      | Reached XP level 2. HP: 27/27 MP: 1/1
   765 | D:2      | Found a snail-covered altar of Cheibriados.
   853 | D:2      | Reached skill level 3 in Axes
   888 | D:2      | Found Roxouv's Assorted Antiques.
  1222 | D:2      | Reached XP level 3. HP: 29/33 MP: 2/2
  1452 | D:3      | Found a stormy altar of Qazlal.
  1452 | D:3      | Found a shadowy altar of Dithmenos.
  1669 | D:3      | Found Foarr's Magic Scroll Shoppe.
  1677 | D:3      | Bought a scroll of identify for 22 gold pieces
  1972 | D:4      | Found a transporter.
  2040 | D:4      | Reached skill level 4 in Axes
  2040 | D:4      | Reached XP level 4. HP: 34/41 MP: 3/3
  2102 | D:4      | Found Pemab's Distillery.
  2110 | D:4      | Bought a potion of curing for 42 gold pieces
  2135 | D:4      | Found a transporter.
  2150 | D:4      | Reached skill level 5 in Fighting
  2155 | D:4      | Reached XP level 5. HP: 22/48 MP: 4/4
  2652 | D:5      | Entered Level 5 of the Dungeon
  2693 | D:5      | Noticed a black bear
  2699 | D:5      | Killed a black bear
  2700 | D:5      | Reached skill level 5 in Axes
  2708 | D:5      | Reached XP level 6. HP: 45/57 MP: 5/5
  2801 | D:5      | Reached skill level 6 in Axes
  2937 | D:5      | Reached XP level 7. HP: 56/66 MP: 6/6
  3188 | D:6      | Reached skill level 7 in Axes
  3558 | D:6      | You fall into a shaft and drop 2 floors!
  3560 | D:8      | Found a sacrificial altar of Ru.
  3579 | D:8      | Reached skill level 8 in Axes
  3590 | D:8      | Reached XP level 8. HP: 43/74 MP: 7/7
  3822 | D:8      | Reached skill level 9 in Axes
  3839 | D:8      | HP: 2/77 [yak (7)]
  3865 | D:8      | Noticed a two-headed ogre
  3963 | D:7      | Reached skill level 10 in Axes
  4674 | D:6      | Found a staircase to the Ecumenical Temple.
  4691 | Temple   | Entered the Ecumenical Temple
  4769 | Temple   | Became a worshipper of Zin the Law-Giver
  4769 | Temple   | Reached * piety under Zin
  4865 | D:6      | Reached XP level 9. HP: 50/84 MP: 8/8
  5012 | D:6      | Reached skill level 11 in Axes
  5095 | D:6      | Found a shimmering blue altar of Sif Muna.
  5549 | D:7      | Reached skill level 10 in Fighting
  5653 | D:7      | Found a snail-covered altar of Cheibriados.
  6065 | D:8      | Donated 95 gold pieces to Zin
  6113 | D:8      | Reached ** piety under Zin
  6114 | D:8      | Noticed a manticore
  6240 | D:8      | Reached skill level 12 in Axes
  6296 | D:8      | Reached skill level 1 in Invocations
  6838 | D:8      | Reached skill level 13 in Axes
  7057 | D:8      | Identified the +7 rapier of the Endless March {pain, *Slow
                  | rN+++ rCorr Dex-2}
  7224 | D:9      | Found a staircase to the Lair.
  7224 | D:9      | Noticed a death yak
  7227 | D:9      | Noticed a death yak
  7227 | D:9      | Noticed a death yak
  7234 | D:9      | Noticed a polar bear
  7237 | D:9      | Slain by an unseen horror simulacrum

Illustrated notes

Levels and vault maps discovered:
D:1:      noname_arrival_rooms_in_the_neighbourhood, layout_basic
D:2:      wander_river, layout_basic, basic_altar, serial_shops,
          nicolae_shop_behind_doors, ebering_dispersal_statue_hall
D:3:      layout_loops_ring, nicolae_overflow_two_pavilions, serial_shops,
          nicolae_shop_crystal
D:4:      gammafunk_cloud_chamber, layout_cave_pools, serial_shops, shop,
          serial_column_ruins, column_ruins_open_tiny, column_ruins_corridor_T,
          column_ruins_corridor_straight, column_ruins_columns_straight,
          chequers_garden, dreamdust_princess_corridor
D:5:      layout_rooms
D:6:      layout_gridville, led_sif_pool, minmay_temple_entry_gardened_gates
D:7:      layout_gridville, kennysheep_little_box, nrook_mini_backslash,
          hangedman_decor_diamond_cutter, chequers_serial_rivers_small_3
D:8:      minmay_opposing_rooms, layout_loops_ring,
          nicolae_ru_sacrificial_ziggurat, uniq_joseph
D:9:      layout_irregular_city, dpeg_lair_monsters, serial_shops, shop,
          serial_ice, serial_ice_c, serial_ice_b, serial_ice_f, serial_ice_h,
          serial_ice_j, serial_ice_n, serial_ice_d, uniq_maggie
Temple:   minmay_temple_bridge_d

Skill      XL: |  1  2  3  4  5  6  7  8  9 |
---------------+----------------------------+-----
Fighting       | 4 5 6 7 8 9 10 | 10.0
Armour         | 4 |  4.0
Shields        | 4 |  4.0
Axes           | 3 4 5 6 8 10 13 | 13.3
Invocations    | 3 |  3.4

Action                     |  1- 3 |  4- 6 |  7- 9 || total
---------------------------+-------+-------+-------++-------
  Melee: War axe           |    78 |    46 |   263 ||   387
         Headbutt          |     6 |     8 |    42 ||    56
  Throw: Boomerang         |       |     4 |       ||     4
 Invoke: Recite            |       |       |     1 ||     1
         Donate Gold       |       |       |     1 ||     1
    Use: Scroll            |     2 |       |     6 ||     8
         Potion            |       |       |     2 ||     2
 Armour: Scale mail        |    59 |    30 |       ||    89
         Chain mail        |       |     6 |   227 ||   233
  Dodge: Dodged            |    36 |    22 |    89 ||   147
  Block: Buckler           |    21 |    13 |    44 ||    78
